 Dungeon Crawl Stone Soup version 0.28-a0-845-gfc338a8e3c (webtiles) character file.

Game seed: 6793205144095762294

775 wakim the Firebug (level 7, -5/50 HPs)
             Began as a Black Draconian Fire Elementalist on Nov 12, 2021.
             Was an Initiate of Sif Muna.
             Slain by an ogre (24 damage)
             ... on level 5 of the Dungeon.
             The game lasted 00:12:54 (6284 turns).

wakim the Firebug (DrFE)                            Turns: 6284, Time: 00:12:55

Health: -5/50      AC:  7    Str: 10    XL:     7   Next: 54%
Magic:  11/11      EV: 12    Int: 17    God:    Sif Muna [......]
Gold:   160        SH:  5    Dex: 12    Spells: 8/11 levels left

rFire   + . .      SeeInvis .   o - +1 dagger (venom)
rCold   x . .      Faith    .   d - +0 buckler
rNeg    . . .      Spirit   .   (armour unavailable)
rPois   .          Reflect  .   (helmet restricted)
rElec   +          Harm     .   (no cloak)
rCorr   .          Rampage  .   (no gloves)
Will    .....                   g - +0 pair of boots
Stlth   ++........              l - amulet of the acrobat
HPRegen 0.16/turn               c - ring of fire
MPRegen 0.12/turn               (no ring)

@: no status effects
A: breathe lightning, AC +6, unfitting armour, electricity resistance,
cold-blooded
a: Breathe Lightning, Renounce Religion


You were on level 5 of the Dungeon.
You worshipped Sif Muna.
Sif Muna was noncommittal.
You visited 2 branches of the dungeon, and saw 6 of its levels.

You collected 160 gold pieces.

Inventory:

Hand Weapons
 o - a +1 dagger of venom (weapon)
Armour
 d - a +0 buckler (worn)
 g - a +0 pair of boots (worn)
Jewellery
 c - a ring of fire (left hand)
 l - an amulet of the acrobat (around neck)
Wands
 y - a wand of paralysis (8)
Scrolls
 e - a scroll of enchant armour
 h - a scroll of magic mapping {unknown}
 j - a scroll of vulnerability {unknown}
 k - a scroll of fear {unknown}
 m - a scroll of noise {unknown}
 Q - 2 scrolls of immolation {!r!r}
 T - a scroll of teleportation
Potions
 a - a potion of attraction {unknown}
 b - 2 potions of degeneration {unknown}
 f - 2 potions of berserk rage {unknown}
 i - 3 potions of flight {unknown}
 n - a potion of curing {unknown}
 p - a potion of haste {unknown}
 J - 2 potions of heal wounds
 N - 2 potions of might
 O - a potion of resistance


   Skills:
 - Level 1.7 Dodging
 - Level 3.0 Stealth
 - Level 4.0 Shields
 + Level 2.6 Spellcasting
 + Level 3.7 Conjurations
 * Level 6.1 Fire Magic


You had 8 spell levels left.
You knew the following spells:

 Your Spells              Type           Power      Damage    Failure   Level
a - Foxfire               Conj/Fire      100%       2x1d9     2%          1
b - Scorch                Fire           68%        2d8       2%          2

Your spell library contained the following spells:

 Spells                   Type           Power      Damage    Failure   Level
 Conjure Flame            Conj/Fire      28%        6-21      7%          3
 Inner Flame              Hex/Fire       19%        N/A       16%         3
 Flame Wave               Conj/Fire      28%        3d7       24%         4
 Sublimation of Blood     Necr           2%         N/A       26%         2
 Petrify                  Tmut/Erth      2%         N/A       87%         4
 Irradiate                Conj/Tmut      4%         3d15      93%         5


Dungeon Overview and Level Annotations

Branches:
Dungeon (5/15)             Temple (1/1) D:4

Altars:
Ashenzari
Cheibriados
Dithmenos
Elyvilon
Fedhas
Gozag
Nemelex Xobeh
Okawaru
Qazlal
Ru
Sif Muna
Uskayaw
Vehumet
Wu Jian
Xom
Yredelemnul
Zin
The Shining One


Innate Abilities, Weirdness & Mutations

You can breathe wild blasts of lightning.
Your glossy black scales are hard. (AC +6)
You cannot fit into any form of body armour.
You are resistant to electric shocks. (rElec)
You are cold-blooded and may be slowed by cold attacks.


Message History

There is an open door here.
You see here 7 arrows.
Found an emerald potion.
n - an emerald potion
Found 10 gold pieces.
You now have 160 gold pieces (gained 10).
Found a red potion.
p - a red potion
Found a fizzy green potion.
i - 3 fizzy green potions (gained 1)
There is a stone staircase leading up here.
There is a stone staircase leading up here.
There is a stone staircase leading up here.
You open the door.
An adder, an orc and a centaur come into view.
The adder hisses angrily.
Something shouts, "Away with thee, thou horrid shard-borne swadder!"
The orc moves out of view.
You hear a shout!
The centaur shouts!
Casting: Foxfire (safe; 2% risk of failure)
Confirm with . or Enter, or press ? or * to list all spells.
You feel a surge of power!
Flames lash the adder.
You kill the adder!
Sif Muna accepts your kill.
The centaur wields a +0 shortbow.
The centaur shoots an arrow.
You block the arrow.
An ogre comes into view. It is wielding a +0 giant club.
There is a stone staircase leading up here.
You climb upwards.
There is a stone staircase leading down here.
You start resting.
Magic restored.
You climb downwards.
The centaur shoots an arrow.
The arrow hits you!
The centaur shoots an arrow.
The arrow hits you! The ogre hits you with a +0 giant club!
* * * LOW HITPOINT WARNING * * *
There is a stone staircase leading up, spattered with blood here.
The centaur shoots an arrow.
The arrow misses you.
The ogre hits you with a +0 giant club!!
You die...

.........###..# ##.## #####
### #####...## ##.### #...#
#.. ##....#.#....###...# #.#
####..#.##.##.#..##...# ###.#
.....#### .####..#...# #....
....## †.(##.#...#######....
.....####
#'##.....>.....##...#
......#.##
##.#O........#......#.
...(.....#
#c...@.<........###.(#
......#.##
##....##...########.##
####.....###..#####...# #....
##.#...#..## #...# #.##.
#.#.#...## #[..# #.##.
#.#.....# #...# #.##. #
#.#.#.##########.########.###
#####.#.#.#
#....[..............#
..........#
#..####..####.###....


You could see an ogre and a centaur.

Vanquished Creatures
  A water moccasin (D:5)
  2 ogres
  A necrophage (D:4)
  A scorpion (D:5)
  2 jellies
  A centaur skeleton (D:4)
  An orc priest (D:3)
  2 hounds (D:4)
  An orc wizard (D:3)
  7 gnolls
  4 adders
  2 worms
  A dart slug (D:3)
  10 orcs
  3 endoplasms
  2 giant cockroaches
  A goblin (D:1)
  6 hobgoblins
  6 jackals
  A quokka (D:2)
  7 ball pythons
  A bat (D:2)
  3 frilled lizards
  2 kobolds
  4 rats
72 creatures vanquished.

Vanquished Creatures (collateral kills)
  3 foxfires (D:2)
3 creatures vanquished.

Vanquished Creatures (others)
  237 foxfires
237 creatures vanquished.

Grand Total: 312 creatures vanquished

Notes
Turn   | Place    | Note
-------+----------+-------------------------------------------
     0 | D:1      | wakim the Draconian Fire Elementalist began the quest for
                  | the Orb.
     0 | D:1      | Reached XP level 1. HP: 14/14 MP: 3/3
   569 | D:1      | Reached XP level 2. HP: 19/20 MP: 1/5
  1254 | D:2      | Reached skill level 1 in Shields
  1254 | D:2      | Reached XP level 3. HP: 26/26 MP: 1/6
  1546 | D:2      | Learned a level 2 spell: Scorch
  1947 | D:2      | Reached XP level 4. HP: 33/33 MP: 3/7
  2474 | D:3      | Reached skill level 4 in Fire Magic
  2748 | D:3      | Reached XP level 5. HP: 38/38 MP: 3/8
  3913 | D:4      | Noticed an ogre
  4246 | D:4      | Noticed a necrophage
  4251 | D:4      | Killed a necrophage
  4252 | D:4      | Reached XP level 6. HP: 45/45 MP: 3/9
  4401 | D:4      | Reached skill level 5 in Fire Magic
  5223 | D:4      | Found a staircase to the Ecumenical Temple.
  5229 | Temple   | Entered the Ecumenical Temple
  5345 | Temple   | Became a worshipper of Sif Muna the Loreminder
  5413 | D:5      | Entered Level 5 of the Dungeon
  5517 | D:5      | Your scales start taking on a glossy black colour.
  5517 | D:5      | Reached XP level 7. HP: 50/50 MP: 5/10
  5517 | D:5      | Gained mutation: You are resistant to electric shocks.
                  | (rElec) [Black Draconian growth]
  5921 | D:5      | Reached skill level 6 in Fire Magic
  6026 | D:5      | Found a glowing golden altar of the Shining One.
  6284 | D:5      | Slain by an ogre

Illustrated notes

Levels and vault maps discovered:
D:1:      dpeg_arrival_lava_temple_mockup, layout_loops_ring
D:2:      cheibrodos_old_hovel, layout_basic
D:3:      layout_basic
D:4:      layout_layer_cave, temple_green
D:5:      layout_loops_cross, tso_altar, minmay_fractal_squares_gapless_5
Temple:   mainiacjoe_temple_bowtie_tessellation

Skill      XL: |  1  2  3  4  5  6  7 |
---------------+----------------------+-----
Stealth        | 2 3 |  3.0
Shields        | 1 2 3 4 |  4.0
Fire Magic     | 4 5 6 |  6.1
Conjurations   | 2 3 |  3.7
Dodging        | |  1.7
Spellcasting   | |  2.6

Action                   |  1- 3 |  4- 6 |  7- 9 || total
-------------------------+-------+-------+-------++-------
Melee: Short sword       |     7 |       |       ||     7
       Tailslap          |     1 |       |       ||     1
       Dagger            |       |     6 |       ||     6
 Cast: Foxfire           |    61 |    78 |     5 ||   144
       Scorch            |     1 |    11 |     6 ||    18
  Use: Scroll            |     5 |     3 |       ||     8
 Stab: Sleeping          |       |     1 |       ||     1
Armor: Skin              |     1 |     3 |       ||     4
Dodge: Dodged            |     9 |     4 |     4 ||    17
Block: Buckler           |     3 |       |     2 ||     5

Table legend: (Time is in decaauts)
 A = Elapsed time spent in this place.
 B = Non-inter-level travel time spent in this place.
 C = Inter-level travel time spent in this place.
 D = Time resting spent in this place.
 E = Time spent auto-exploring this place.
 F = Levels seen in this place.
 G = Mean time per level.
                   A        B        C        D        E       F      G
               +--------+--------+--------+--------+--------+-----+--------+
         Total |   6285 |   6167 |    118 |    342 |   4984 |   6 | 1047.5 |
       Dungeon |   6115 |   6039 |     76 |    342 |   4901 |   5 | 1223.0 |
        Temple |    169 |    127 |     42 |      0 |     83 |   1 |  169.0 |
               +--------+--------+--------+--------+--------+-----+--------+

Top non-repeatable levels by time:
     D:4: 1625 daAuts
     D:2: 1305 daAuts
     D:3: 1256 daAuts
     D:1: 1078 daAuts
     D:5: 850 daAuts
  Temple: 169 daAuts
